 Dungeon Crawl Stone Soup version 0.29.1-1-gd02db6906a (webtiles) character file.

Game seed: 59609152717631056

73 Jakudza the Gusty (level 4, 0/24 HPs)
             Began as a Tengu Air Elementalist on Sept 27, 2022.
             Slain by a scorpion (2 damage)
             ... on level 3 of the Dungeon on Sept 28, 2022.
             The game lasted 00:08:26 (2565 turns).

Jakudza the Gusty (Tengu Air Elementalist)          Turns: 2565, Time: 00:08:27

Health: 0/24       AC:  4    Str:  8    XL:     4   Next: 27%
Magic:  9/9        EV: 12    Int: 18    God:
Gold:   126        SH:  0    Dex: 14    Spells: 7/8 levels left

rFire   . . .      SeeInvis .   d - +1 dagger
rCold   . . .      Faith    .   e - orb {*channel}
rNeg    . . .      Spirit   .   a - +0 robe
rPois   .          Reflect  .   (helmet restricted)
rElec   .          Harm     .   h - +1 cloak
rCorr   .          Rampage  .   (no gloves)
Will    .....                   (boots unavailable)
Stlth   ++........              (no amulet)
HPRegen 0.08/turn               (no ring)
MPRegen 0.11/turn               (no ring)

@: no status effects
A: beak, talons 3
a: no special abilities


You were on level 3 of the Dungeon.
You visited 1 branch of the dungeon, and saw 3 of its levels.

You collected 126 gold pieces.

Inventory:

Hand Weapons
 d - a +1 dagger (weapon)
Armour
 a - a +0 robe (worn)
 e - an orb of energy (worn)
 h - a +1 cloak (worn)
Wands
 f - a wand of charming (3)
Potions
 b - a potion of magic
 c - a potion of berserk rage {unknown}
 g - a potion of might {unknown}
 i - a potion of attraction {unknown}
 j - a potion of heal wounds {unknown}
 k - a potion of curing {unknown}


   Skills:
 + Level 0.8 Fighting
 + Level 2.7 Dodging
 - Level 2.1 Stealth
 * Level 2.8 Spellcasting
 + Level 2.3 Conjurations
 * Level 4.8 Air Magic


You had 7 spell levels left.
You knew the following spells:

 Your Spells              Type           Power      Damage    Failure   Level
a - Shock                 Conj/Air       60%        1d6       3%          1

Your spell library contained the following spells:

 Spells                   Type           Power      Damage    Failure   Level
 Static Discharge         Conj/Air       15%        3-5/arc   6%          2
 Swiftness                Air            19%        N/A       7%          3
 Airstrike                Air            9%         2d(2-18)  22%         4
 Dazzling Flash           Conj/Hex       12%        N/A       30%         3
 Ozocubu's Armour         Ice            2%         N/A       45%         3
 Silence                  Hex/Air        5%         N/A       86%         5
 Agony                    Necr           2%         N/A       99%         5
 Metabolic Englaciation   Hex/Ice        1%         N/A       99%         5
 Simulacrum               Ice/Necr       1%         N/A       100%        6


Dungeon Overview and Level Annotations

Branches:
Dungeon (3/15)

Altars:


Innate Abilities, Weirdness & Mutations

You have a beak for a mouth.
You have claws for feet.


Message History

You hear the brisk rusting of a very distant drain.
The scorpion closely misses you. The hobgoblin closely misses you.
Casting: Shock (safe; 3% risk of failure)
Confirm with . or Enter, or press ? or * to list all spells.
You don't know that spell.
The ball python attacks as you move away!
The ball python bites you. The scorpion attacks as you move away!
The scorpion stings you.
The scorpion stings you but does no damage.
The scorpion attacks as you move away! The scorpion stings you.
You are poisoned.
The scorpion poisons you!
You feel very sick. The ball python bites you.
The ball python closely misses you.
You feel sick.
There is an open door here.
You feel sick.
* * * LOW HITPOINT WARNING * * *
You feel sick.
You feel sick. The scorpion barely misses you.
The scorpion attacks as you move away! The scorpion barely misses you.
You feel sick. The scorpion attacks as you move away!
The scorpion barely misses you.
You feel sick. The scorpion attacks as you move away!
The scorpion barely misses you.
You feel sick.
You feel sick.
You feel sick.
You are no longer poisoned.
The scorpion misses you. The scorpion attacks as you move away!
The scorpion closely misses you. The scorpion barely misses you.
You see here a +0 club.
Things that are here:
a +0 club; a gnoll corpse The scorpion attacks as you move away!
The scorpion closely misses you.
There is a stone staircase leading up here.
The scorpion stings you.
You die...

#.#
#.#
#.#
#.#
#g#
#.#
#S#
#s#
#@#
###


You could see a scorpion, a hobgoblin and a ball python.

Vanquished Creatures
  An adder (D:2)
  3 gnolls (D:3)
  3 worms (D:2)
  A dart slug (D:2)
  3 bats
  4 endoplasms
  A goblin (D:3)
  A hobgoblin (D:1)
  3 jackals (D:1)
  2 quokkas (D:2)
  A ball python (D:1)
  A frilled lizard (D:2)
  2 kobolds (D:2)
  A rat (D:2)
27 creatures vanquished.

Notes
Turn   | Place    | Note
-------+----------+-------------------------------------------
     0 | D:1      | Jakudza the Tengu Air Elementalist began the quest for the
                  | Orb.
     0 | D:1      | Reached XP level 1. HP: 10/10 MP: 4/4
   564 | D:1      | Reached XP level 2. HP: 13/15 MP: 1/6
  1177 | D:2      | Reached XP level 3. HP: 7/19 MP: 0/7
  2447 | D:3      | Reached XP level 4. HP: 18/24 MP: 4/9
  2528 | D:3      | Noticed a scorpion
  2565 | D:3      | Slain by a scorpion

Illustrated notes

Levels and vault maps discovered:
D:1:      lightli_arrival_maybe_door_vault, layout_basic
D:2:      layout_basic
D:3:      layout_basic, portal_sewer_entry_e

Skill      XL: |  1  2  3 |
---------------+----------+-----
Conjurations   | 2 |  2.3
Fighting       | |  0.8
Dodging        | |  2.7
Stealth        | |  2.1
Spellcasting   | |  2.8
Air Magic      | |  4.8

Action                   |  1- 3 |  4- 6 || total
-------------------------+-------+-------++-------
Melee: Unarmed           |    12 |       ||    12
       Kick              |     4 |       ||     4
       Peck              |     3 |       ||     3
       Dagger            |     7 |       ||     7
 Cast: Shock             |    68 |     3 ||    71
  Use: Scroll            |     7 |       ||     7
Armor: Robe              |     4 |     5 ||     9
Dodge: Dodged            |    31 |    15 ||    46
